 Dungeon Crawl Stone Soup version 0.17-a0-1435-geafbe2f (webtiles) character file.

492032 Geomchi the Brawler (level 25, -2/160 HPs)
             Began as a Gargoyle Fighter on June 26, 2015.
             Was the Champion of Cheibriados.
             Splashed by an acid blob's acid (3 damage)
             ... created by the royal jelly
             ... while paralysed
             ... on level 6 of the Pits of Slime on June 27, 2015.
             The game lasted 02:48:08 (67399 turns).

Geomchi the Brawler (Gargoyle Fighter)             Turns: 67399, Time: 02:48:08

Health: -2/160     AC: 29    Str: 46    XL:     25   Next: 6%
Magic:  35/37      EV:  2    Int: 26    God:    Cheibriados [******]
Gold:   3610       SH:  0    Dex: 36    Spells: 5 memorised, 23 levels left

rFire  . . .     SeeInvis .       - Unarmed
rCold  + . .     Rnd*Rage +     e - +2 chain mail {rC+}
rNeg   + . .     SustAt   .     B - +4 shield "Cipoqac" {Str+5}
rPois  ∞         Gourm    .     G - +0 helmet
rElec  +         Spirit   .     N - +1 cloak
rCorr  +         Warding  .     v - +2 pair of fencer's gloves {LBl+4 SBl+4 EV+3 Dex+6}
rMut   .         Stasis   .     T - +1 pair of boots
MR     ++...                    f - amulet of resist corrosion
Stlth  ..........               h - ring of protection from magic
                                s - +3 ring of evasion

@: paralysed, exhausted, corroded equipment, flying, slowed, deflect missiles,
very slow, very resistant to hostile enchantments, extremely unstealthy
A: big wings, molten scales 1, berserk 1, breathe flames 1, negative energy
resistance 1, electricity resistance, strong 1, unbreathing, petrification
resistance, rot immunity, AC +19
a: Stop Flying, Bend Time, Temporal Distortion, Slouch, Step From Time, Renounce
Religion, Breathe Fire
}: 2/15 runes: serpentine, barnacled


You were on level 6 of the Pits of Slime.
You worshipped Cheibriados.
Cheibriados was exalted by your worship.
You were not hungry.

You visited 11 branches of the dungeon, and saw 53 of its levels.
You visited the Abyss 1 time.
You also visited: Ossuary.

You collected 6508 gold pieces.
You spent 2898 gold pieces at shops.

Inventory:

Armour
 e - a +2 chain mail of cold resistance (worn)
 v - the +2 pair of fencer's gloves (worn) {LBl+4 SBl+4 EV+3 Dex+6}
   (You bought it in a shop on level 12 of the Dungeon)

   It affects your evasion (+3).
   It affects your dexterity (+6).
 B - the +4 shield "Cipoqac" (worn) {Str+5}
   (You found it on level 3 of the Crypt)

   It affects your strength (+5).
 G - a +0 helmet (worn)
 N - a +1 cloak (worn)
 T - a +1 pair of boots (worn)
Jewellery
 f - an amulet of resist corrosion (around neck)
 h - a ring of protection from magic (right hand)
 o - an uncursed ring of protection from cold
 s - a +3 ring of evasion (left hand)
 u - a +4 ring of evasion
 D - an uncursed amulet of clarity
 P - an uncursed ring of wizardry
 Q - an uncursed amulet of resist mutation
 V - an uncursed ring of see invisible
Magical devices
 r - a wand of disintegration (0)
 M - a wand of digging (8)
 W - a wand of heal wounds (3)
Scrolls
 a - 11 scrolls of identify
 g - 5 scrolls of fear
 i - 7 scrolls of fog
 m - 5 scrolls of blinking
 q - 2 scrolls of holy word
 t - 21 scrolls of remove curse
 w - a scroll of silence
 x - 4 scrolls of amnesia
 y - 4 scrolls of magic mapping
 U - 7 scrolls of teleportation
Potions
 b - 3 potions of cancellation
 c - 8 potions of might
 j - 3 potions of cure mutation
 p - 10 potions of curing
 z - a potion of agility
 A - 2 potions of magic
 J - 4 potions of lignification
 K - 3 potions of invisibility
 L - 3 potions of resistance
Books
 C - the Almanac of Fate
   (You found it on level 3 of the Crypt)

   Spells                             Type                      Level
   a - Vampiric Draining              Necromancy                   3
   b - Agony                          Necromancy                   5
   c - Dispel Undead                  Necromancy                   5
   d - Simulacrum                     Ice/Necromancy               6
   e - Death Channel                  Necromancy                   6
   f - Borgnjor's Revivification      Necromancy                   8
Miscellaneous
 O - 2 phantom mirrors
Comestibles
 d - 19 bread rations {@e1}
 k - 10 beef jerkies
 l - 61 fruits
 n - 17 meat rations {@e2}


   Skills:
 - Level 17.0 Fighting
 - Level 14.0 Armour
 - Level 13.0 Dodging
 - Level 15.0 Shields
 - Level 19.0 Unarmed Combat
 - Level 10.0 Spellcasting
 - Level 12.0 Charms
 + Level 12.1 Necromancy
 - Level 4.0 Translocations
 * Level 11.0 Transmutations
 - Level 9.0 Air Magic
 - Level 8.0 Invocations


You had 23 spell levels left.
You knew the following spells:

 Your Spells              Type           Power        Failure   Level  Hunger
a - Repel Missiles        Chrm/Air       ######       1%          2    None
b - Deflect Missiles      Chrm/Air       ######....   21%         6    #####..
c - Necromutation         Trmt/Necr      ######....   100%        8    #######
d - Regeneration          Chrm/Necr      ######....   1%          3    None
e - Blink                 Tloc           N/A          2%          2    None


Dungeon Overview and Level Annotations

Branches:
Dungeon (15/15)            Temple (1/1) D:5            Lair (8/8) D:9
 Shoals (4/4) Lair:5        Snake (4/4) Lair:4        Slime (6/6) Lair:7
    Orc (4/4) D:9             Elf (3/3) Orc:4        Vaults (4/5) D:14
  Crypt (3/3) Vaults:3       Tomb (0/3) Crypt:3      Depths (1/5) D:15

Altars:
Ashenzari
Cheibriados
Dithmenos
Elyvilon
Fedhas
Gozag
Kikubaaqudgha
Makhleb
Nemelex Xobeh
Okawaru
Qazlal
Ru
Sif Muna
Trog
Vehumet
Xom
Yredelemnul
Zin
The Shining One
Beogh
Jiyva

Shops:
D:12 *   Orc:4 [=(*?   Elf:2 *[?(%   Shoals:2 *   Vaults:1 *(!   Vaults:3 [
Vaults:4 :

Portals:
Abyss: Depths:1
Trove: D:12 (give 2 scrolls of acquirement)

Annotations:
D:3 Robin
Lair:5 exclusion: 2 oklob plants
Lair:8 1 runed door
Elf:2 3 runed doors
Crypt:2 exclusion: door


Innate Abilities, Weirdness & Mutations

You are resistant to torment.
Your stone body is resilient (AC +19).
You are immune to poison.
Your large and strong wings let you fly indefinitely.
You resist negative energy.
You are resistant to electric shocks.
You can survive without breathing.
You are immune to petrification.
You are immune to rotting.
You are partially covered in molten scales (AC +1).
You tend to lose your temper in combat.
You can breathe flames.
Your muscles are strong. (Str +2)


Message History

You feel yourself slow down.
The azure jelly jiggles.
The azure jelly hits you.
* * * LOW HITPOINT WARNING * * *
The azure jelly freezes you! You resist.
* * * LOW HITPOINT WARNING * * *
The azure jelly hits you but does no damage. x4
The azure jelly hits you.
* * * LOW HITPOINT WARNING * * *
The azure jelly freezes you! You resist.
* * * LOW HITPOINT WARNING * * *
The azure jelly hits you but does no damage. x5
The azure jelly hits you!
* * * LOW HITPOINT WARNING * * *
The acid blob hits you but does no damage.
The azure jelly hits you but does no damage. x4
The acid blob hits you!
* * * LOW HITPOINT WARNING * * *
You are splashed with acid!
The acid corrodes you!
The acid burns!
You resist.
You die...

#G #J## ##.............
#..# ##............. ##J#
##............. #JJ#
##................. #.##
##.................. #..#
##.......JJJJ......#.
##J####........JJJJ.......#
.............JJJ@JJ....#...
..............JJJJ......#
..............JJJ.......#
........................#
.......................##
....................#.##
..............<..######
.................#
.................#


You could see 3 acid blobs, 14 azure jellies and 3 death oozes.

Vanquished Creatures
  the royal jelly (Slime:6)
  Mennas (Vaults:2)
  An ancient lich (Crypt:3)
  Sojobo (Depths:1)
  Boris (Crypt:2)
  Norris (Depths:1)
  Saint Roka (Vaults:2)
  A bone dragon (Crypt:3)
  Jorgrun (Vaults:4)
  Rupert (Orc:4)
  6 liches
  2 krakens
  A deep elf blademaster (Elf:3)
  2 deep elf master archers (Elf:3)
  15 acid blobs
  Polyphemus (Shoals:2)
  An ancient champion (Crypt:1)
  Agnes (D:15)
  A sphinx (Vaults:4)
  2 tengu reavers (Depths:1)
  Roxanne (Elf:2)
  5 azure jellies
  Ilsuiw (Shoals:4)
  11 greater nagas
  A revenant (Crypt:1)
  A frost giant (Vaults:4)
  4 deep elf sorcerers (Elf:3)
  An orc warlord (Orc:2)
  Maud (Orc:2)
  4 fire giants
  The ghost of hackum the Tortoise, a mighty GrFi of Ru (Shoals:3)
  Louise (D:15)
  4 curse skulls
  12 ironheart preservers
  A reaper (Crypt:3)
  4 war gargoyles (Crypt:3)
  11 vault wardens
  7 ghouls
  4 stone giants
  6 deep elf demonologists
  13 deep elf annihilators
  The ghost of ninjanymous the Unseen, a powerful SpEn of Ashenzari (Snake:1)
  2 vampire knights (Crypt:3)
  The ghost of afx the Brawler, a powerful TrMo of Okawaru (Depths:1)
  7 eidola
  An ettin (Depths:1)
  9 deep elf death magi
  4 vault guards
  3 crystal guardians (Crypt:3)
  7 merfolk javelineers
  5 death oozes
  6 jiangshi
  6 deep elf high priests (Elf:3)
  8 merfolk impalers
  2 fire dragons (Vaults:1)
  2 great orbs of eyes (Slime:6)
  2 rakshasas
  8 yaktaur captains
  3 entropy weavers (Depths:1)
  6 hydras
  A quicksilver dragon skeleton (Crypt:3)
  15 naga warriors
  15 centaur warriors
  6 merfolk avatars
  4 catoblepae
  2 ice dragons (Depths:1)
  10 anacondas
  3 satyrs
  6 merfolk aquamancers (Shoals:4)
  5 tengu warriors
  11 death yaks
  10 ogre magi
  3 vampire magi
  A death knight (Crypt:1)
  A thrashing horror (Abyss:1)
  3 salamander stormcallers
  8 dancing weapons
  A titan zombie (Crypt:3)
  A queen ant (Lair:3)
  5 deep troll earth magi
  5 deep troll shamans
  17 naga sharpshooters
  6 hell knights (Crypt:3)
  A fire crab (shapeshifter) (Vaults:1)
  32 skeletal warriors
  2 wretched stars (Abyss:1)
  A fire crab (Vaults:1)
  6 shock serpents
  4 shadow wraiths
  6 soul eaters
  4 large abominations
  6 sea snakes
  A storm dragon skeleton (Crypt:3)
  22 deep elf knights
  A ghost moth zombie (Crypt:1)
  2 iron trolls (Depths:1)
  10 unseen horrors
  3 flayed ghosts
  2 giant orange brains (Depths:1)
  13 deep elf summoners
  8 starcursed masses (Abyss:1)
  6 phantasmal warriors
  6 lindwurms
  Pikel (D:4)
  9 orc knights
  20 deep elf conjurers
  9 naga ritualists
  A hill giant (shapeshifter) (Elf:1)
  15 harpies
  29 ugly things
  6 wolf spiders
  10 necromancers
  6 hill giants
  4 wizards
  A hornet (shapeshifter) (Vaults:3)
  A wolf spider zombie (Crypt:3)
  13 deep trolls
  7 mana vipers
  A sixfirhy (Abyss:1)
  A worldbinder (Abyss:1)
  6 small abominations
  2 fauns (Shoals:1)
  9 griffons
  14 ironbrand convokers
  9 salamanders
  2 frost giant zombies
  2 shining eyes
  3 orc sorcerers
  49 black mambas
  An iron dragon skeleton (Crypt:1)
  6 manticores
  4 water nymphs
  3 hornets
  19 elephants
  12 cyclopes
  6 sirens
  A smoke demon (Abyss:1)
  Joseph (D:8)
  21 naga magi
  16 vault sentinels
  A fire giant skeleton (Abyss:1)
  5 guardian serpents
  14 spiny frogs
  2 gargoyles (D:11)
  7 torpor snails
  42 yaktaurs
  A dire elephant skeleton (Crypt:3)
  13 komodo dragons
  7 fire drakes
  A jumping spider (Vaults:2)
  3 efreet
  5 wandering mushrooms
  An alligator snapping turtle skeleton (Crypt:2)
  A kobold demonologist (Vaults:3)
  5 freezing wraiths
  14 deep elf priests
  2 tengu conjurers
  2 ancient zymes (Abyss:1)
  A hydra zombie (Crypt:3)
  3 giant leeches (Lair:8)
  A merfolk (shapeshifter) (Vaults:3)
  A polar bear (Lair:6)
  2 queen bees (shapeshifter)
  A harpy zombie (Crypt:1)
  2 wind drakes
  3 fire vortices
  84 slime creatures
  22 merfolk
  32 two-headed ogres
  An ice dragon zombie (Crypt:3)
  4 trolls
  5 boulder beetles
  A fire dragon zombie (Crypt:3)
  2 ettin zombies (Crypt:1)
  2 harpy skeletons
  The ghost of trantor the Slasher, an average HESk of Okawaru (D:8)
  A griffon zombie (Crypt:2)
  49 flying skulls
  37 blink frogs
  9 redbacks
  A tarantella (shapeshifter) (Vaults:3)
  6 snapping turtles
  A stone giant simulacrum (Vaults:2)
  2 centaur simulacra
  47 deep elf fighters
  An alligator skeleton (Crypt:1)
  63 yaks
  7 water elementals
  3 basilisks
  20 hippogriffs
  33 deep elf magi
  7 golden eyes
  21 humans (D:14)
  3 shadows
  2 vampires
  4 wraiths
  A steam dragon (D:11)
  7 vampire mosquitoes
  22 wolves
  Menkaure (D:7)
  5 mottled dragons
  4 wyverns
  45 nagas
  6 wargs
  A deep troll zombie (Crypt:1)
  10 soldier ants
  3 neqoxecs (Abyss:1)
  2 insubstantial wisps (D:11)
  24 porcupines
  Duvessa (D:5)
  2 hungry ghosts
  8 black bears
  2 swamp drakes
  3 wasps (Lair:8)
  19 water moccasins
  41 orc warriors
  2 eyes of draining
  4 phantoms
  8 ice beasts
  8 sky beasts
  6 boggarts
  A centaur (shapeshifter) (Abyss:1)
  4 slaves (D:4)
  6 necrophages
  45 ogres
  17 centaurs
  3 big kobolds
  17 crocodiles
  26 giant frogs
  6 brain worms
  A salamander simulacrum (Vaults:2)
  Dowan (D:5)
  2 water moccasin zombies
  A spriggan zombie (Crypt:1)
  A warg skeleton (Crypt:1)
  A scorpion (D:5)
  7 killer bees
  31 wights
  2 oklob saplings (D:10)
  8 crimson imps
  5 hounds
  8 bog bodies
  3 centaur zombies
  3 giant frog zombies
  2 giant frog skeletons
  A human zombie (Abyss:1)
  A wolf skeleton (Crypt:2)
  7 centaur skeletons
  An iron imp (Abyss:1)
  Crazy Yiuf (D:3)
  A hound (shapeshifter) (Vaults:3)
  16 jellies
  27 orc priests
  Jessica (D:3)
  36 orc wizards
  2 quasits
  Natasha (D:4)
  A human skeleton (Crypt:3)
  4 hell rats (Lair:4)
  7 iguanas
  39 worker ants
  A killer bee zombie (Ossuary)
  16 sheep
  A big kobold zombie (Crypt:2)
  A felid skeleton (Crypt:1)
  3 hound zombies (Ossuary)
  3 hound skeletons
  12 mummies
  91 river rats
  A river rat (shapeshifter) (Vaults:3)
  19 adders
  6 shadow imps
  13 white imps
  An ufetubus (Abyss:1)
  12 oozes
  2 adder zombies
  A halfling skeleton (Crypt:1)
  17 worms
  8 giant geckos
  171 orcs
  7 ball pythons
  4 bat zombies
  7 giant cockroaches
  29 goblins
  29 hobgoblins
  9 jackals
  16 bats
  3 giant gecko zombies
  8 giant newts
  2 goblin zombies (D:6)
  A jackal zombie (Ossuary)
  34 kobolds
  An orc zombie (Crypt:3)
  6 quokkas
  A quokka skeleton (D:5)
  3 quokka zombies
  18 rats
  2 crawling corpses (Elf:3)
  A plant (Lair:6)
  A tentacle (Shoals:4)
2568 creatures vanquished.

Vanquished Creatures (others)
  An ironheart preserver (Vaults:3)
  A stone giant (Vaults:3)
  An ogre mage (Vaults:2)
  2 deep elf knights (Elf:1)
  A shadow wraith (Vaults:4)
  A deep troll (Vaults:3)
  A naga ritualist (Snake:4)
  A deep elf conjurer (Vaults:3)
  2 ironbrand convokers (Vaults:3)
  An ugly thing (Vaults:1)
  A merfolk (Shoals:4)
  3 deep elf fighters
  An ogre (Vaults:3)
  A black mamba simulacrum (Abyss:1)
  A centaur (D:15)
  A wyvern skeleton (D:14)
  An orc (Vaults:3)
  A lurking horror (Abyss:1)
  20 fungi
  7 lost souls
  13 plants
  11 tentacles
  133 tentacle segments
206 creatures vanquished.

Grand Total: 2774 creatures vanquished

Notes
Turn   | Place    | Note
--------------------------------------------------------------
     0 | D:1      | Geomchi the Gargoyle Fighter began the quest for the Orb.
     0 | D:1      | Reached XP level 1. HP: 14/14 MP: 1/1
   305 | D:1      | Reached XP level 2. HP: 19/19 MP: 2/2
   694 | D:1      | Reached XP level 3. HP: 21/23 MP: 3/3
  1342 | D:2      | Reached skill level 4 in Unarmed Combat
  1625 | D:2      | Reached XP level 4. HP: 28/28 MP: 4/4
  1968 | D:3      | Noticed Robin
  2496 | D:3      | Noticed Crazy Yiuf
  2510 | D:3      | Killed Crazy Yiuf
  2510 | D:3      | Reached skill level 5 in Unarmed Combat
  2510 | D:3      | Reached XP level 5. HP: 19/32 MP: 2/5
  2944 | D:3      | HP: 1/32 [orc priest/flail (2)]
  2945 | D:3      | Gained mutation: You can breathe flames. [potion of beneficial mutation]
  3102 | D:3      | Noticed Jessica
  3103 | D:3      | Killed Jessica
  3103 | D:3      | Reached skill level 6 in Unarmed Combat
  3103 | D:3      | Reached XP level 6. HP: 37/37 MP: 6/6
  3527 | D:4      | Noticed Pikel
  3802 | D:4      | Killed Pikel
  3802 | D:4      | Reached skill level 8 in Unarmed Combat
  3802 | D:4      | Reached XP level 7. HP: 39/41 MP: 7/7
  3918 | D:4      | Noticed Natasha
  3923 | D:4      | Killed Natasha
  3938 | D:4      | Reached skill level 9 in Unarmed Combat
  3938 | D:4      | Reached XP level 8. HP: 41/46 MP: 8/8
  4905 | D:4      | Reached skill level 10 in Unarmed Combat
  5035 | D:5      | Entered Level 5 of the Dungeon
  5086 | D:5      | Reached skill level 1 in Dodging
  5284 | D:5      | Noticed Dowan
  5288 | D:5      | Noticed Duvessa
  5298 | D:5      | Killed Duvessa
  5300 | D:5      | Killed Dowan
  5300 | D:5      | Reached skill level 5 in Armour
  5549 | D:5      | Reached XP level 9. HP: 43/51 MP: 9/9
  6027 | D:5      | Found a staircase to the Ecumenical Temple.
  6181 | Temple   | Entered the Ecumenical Temple
  6260 | Temple   | Became a worshipper of Cheibriados the Contemplative
  7069 | D:6      | Acquired Cheibriados's first power
  7128 | D:6      | Found a sand-covered staircase.
  7134 | Ossuary  | Entered an ossuary
  7558 | Ossuary  | Reached skill level 5 in Dodging
  7861 | D:6      | Reached XP level 10. HP: 56/56 MP: 10/10
  8236 | D:6      | Reached skill level 5 in Fighting
  8887 | D:6      | Acquired Cheibriados's second power
  9056 | D:7      | Found a stormy altar of Qazlal.
  9069 | D:7      | Noticed Menkaure
  9076 | D:7      | Killed Menkaure
  9607 | D:7      | Acquired Cheibriados's third power
 10020 | D:8      | Noticed trantor's ghost (average HESk)
 10030 | D:8      | Killed trantor's ghost
 10127 | D:8      | Noticed Maurice
 10450 | D:8      | Reached skill level 1 in Invocations
 10601 | D:8      | Noticed Maurice
 10601 | D:8      | Maurice changed into Maurice the wyvern
 10609 | D:8      | Killed Maurice the wyvern
 11025 | D:8      | Noticed Joseph
 11036 | D:8      | Killed Joseph
 11206 | D:9      | Reached XP level 11. HP: 62/67 MP: 12/14
 11389 | D:9      | Reached skill level 5 in Shields
 11389 | D:9      | Reached skill level 5 in Invocations
 11531 | D:9      | Found a staircase to the Lair.
 11856 | D:9      | Found a staircase to the Orcish Mines.
 12035 | Lair:1   | Entered Level 1 of the Lair of Beasts
 12444 | Lair:1   | Learned a level 2 spell: Repel Missiles
 13494 | Lair:2   | Noticed a lindwurm
 13511 | Lair:2   | Acquired Cheibriados's fourth power
 13993 | Lair:2   | Noticed a lindwurm
 14348 | Lair:3   | Reached XP level 12. HP: 34/76 MP: 12/18
 14618 | Lair:3   | Reached skill level 11 in Unarmed Combat
 14688 | Lair:3   | Reached skill level 10 in Fighting
 14865 | Lair:3   | Noticed a catoblepas
 14890 | Lair:3   | Killed a catoblepas
 15239 | Lair:3   | Noticed a queen ant
 15247 | Lair:3   | Reached skill level 12 in Unarmed Combat
 15257 | Lair:3   | Killed a queen ant
 16022 | Lair:4   | Reached XP level 13. HP: 85/85 MP: 19/19
 16111 | Lair:4   | Reached skill level 13 in Unarmed Combat
 16189 | Lair:4   | Noticed a four-headed hydra
 16203 | Lair:4   | Killed a four-headed hydra
 16311 | Lair:4   | Found a staircase to the Snake Pit.
 16337 | Lair:4   | Found a blossoming altar of Fedhas.
 17500 | Lair:5   | Found a staircase to the Shoals.
 18796 | Lair:5   | Reached skill level 14 in Unarmed Combat
 20237 | Lair:6   | Gained mutation: Your large and strong wings let you fly indefinitely. [Gargoyle growth]
 20237 | Lair:6   | Reached XP level 14. HP: 92/92 MP: 20/20
 21405 | Lair:7   | Found a staircase to the Slime Pits.
 21516 | Lair:7   | Reached skill level 15 in Unarmed Combat
 22490 | Lair:8   | Entered Level 8 of the Lair of Beasts
 23439 | Lair:6   | Identified Sov Tigg's Catalogue of the Dislocated Rocks
 23554 | Lair:8   | Found a runed door.
 24126 | Lair:8   | Reached skill level 16 in Unarmed Combat
 24231 | Lair:8   | Reached XP level 15. HP: 73/101 MP: 21/21
 24562 | Lair:8   | Reached skill level 15 in Fighting
 24998 | Orc:1    | Entered Level 1 of the Orcish Mines
 25883 | Orc:2    | Noticed Maud
 25906 | Orc:2    | Killed Maud
 26303 | Orc:1    | Found a roughly hewn altar of Beogh.
 27071 | Orc:4    | Entered Level 4 of the Orcish Mines
 27071 | Orc:4    | Found Baki's Antique Armour Boutique.
 27140 | Orc:4    | Bought a faintly glowing scale mail for 234 gold pieces
 27140 | Orc:4    | Bought a steaming ring mail for 234 gold pieces
 27152 | Orc:4    | Identified the +3 ring mail "Pelus" {rPois MR- Str+10 SInv} (You bought it in a shop on level 4 of the Orcish Mines)
 27162 | Orc:4    | Identified the +3 scale mail "Jesoingo" {rN+} (You bought it in a shop on level 4 of the Orcish Mines)
 27553 | Orc:4    | Found a staircase to the Elven Halls.
 27583 | Orc:4    | Found Caahi's General Store.
 27583 | Orc:4    | Found Taunisyss's Jewellery Boutique.
 27583 | Orc:4    | Found Voorix's Magic Scroll Shop.
 27583 | Orc:4    | Found Ymeck's Weapon Emporium.
 27611 | Orc:4    | Noticed Rupert
 27628 | Orc:4    | Killed Rupert
 27628 | Orc:4    | Reached skill level 17 in Unarmed Combat
 27878 | Orc:4    | Bought a scroll of identify for 30 gold pieces
 27878 | Orc:4    | Bought a scroll of identify for 30 gold pieces
 28329 | D:10     | Entered Level 10 of the Dungeon
 29635 | D:10     | Found a blossoming altar of Fedhas.
 30519 | D:12     | Found Cukemegi's Assorted Antiques.
 30528 | D:12     | Bought the +2 pair of fencer's gloves {LBl+4 SBl+4 EV+3 Dex+6} for 1401 gold pieces
 30600 | D:12     | Reached XP level 16. HP: 110/110 MP: 22/22
 30810 | D:12     | Found a portal to a secret trove of treasure.
 31013 | D:12     | Found a blossoming altar of Fedhas.
 31213 | D:12     | You are sucked into a shaft!
 31630 | D:13     | Reached skill level 10 in Dodging
 31696 | D:13     | Reached skill level 10 in Armour
 32047 | D:13     | Found a blossoming altar of Fedhas.
 32784 | D:14     | Found a gate to the Vaults.
 32926 | D:14     | Found a deep blue altar of Sif Muna.
 33234 | D:15     | Entered Level 15 of the Dungeon
 33271 | D:15     | Noticed Louise
 33284 | D:15     | Killed Louise
 34181 | D:15     | Noticed Agnes
 34188 | D:15     | Killed Agnes
 34188 | D:15     | Reached skill level 18 in Unarmed Combat
 34418 | D:15     | Found a staircase to the Depths.
 34860 | Lair:2   | Noticed a lindwurm
 34860 | Lair:2   | Noticed a lindwurm
 34865 | Lair:2   | Killed a lindwurm
 34868 | Lair:2   | Killed a lindwurm
 34873 | Lair:2   | Killed a lindwurm
 34873 | Lair:2   | Reached XP level 17. HP: 101/117 MP: 23/23
 34879 | Lair:2   | Killed a lindwurm
 35111 | Shoals:1 | Entered Level 1 of the Shoals
 36003 | Shoals:2 | Reached skill level 19 in Unarmed Combat
 36101 | Shoals:2 | Found Neathrafy's Assorted Antiques.
 36121 | Shoals:2 | Noticed Polyphemus
 36144 | Shoals:2 | Killed Polyphemus
 37195 | Shoals:3 | Noticed hackum's ghost (mighty GrFi)
 37207 | Shoals:3 | Killed hackum's ghost
 38100 | Shoals:4 | Entered Level 4 of the Shoals
 39022 | Shoals:4 | Identified Sugicina's Compendium of Evil Arts
 39325 | Shoals:4 | Got a barnacled rune of Zot
 39381 | Shoals:4 | Noticed Ilsuiw
 39415 | Shoals:4 | Killed Ilsuiw
 39419 | Shoals:4 | Reached XP level 18. HP: 57/123 MP: 24/24
 39932 | Shoals:4 | Identified the Collected Works on Companions
 40486 | Snake:1  | Entered Level 1 of the Snake Pit
 41037 | Orc:4    | Bought a runed large shield for 117 gold pieces
 41037 | Orc:4    | Bought a shiny shield for 117 gold pieces
 41349 | Snake:1  | Noticed ninjanymous's ghost (powerful SpEn)
 41355 | Snake:1  | Killed ninjanymous's ghost
 44748 | Snake:3  | Reached XP level 19. HP: 128/128 MP: 25/25
 44856 | Snake:4  | Entered Level 4 of the Snake Pit
 44958 | Snake:4  | Reached skill level 10 in Shields
 45708 | Snake:4  | Got a serpentine rune of Zot
 46529 | Vaults:1 | Entered Level 1 of the Vaults
 46858 | Vaults:1 | Found Uceoces's Antique Weapon Shoppe.
 47046 | Vaults:1 | Reached XP level 20. HP: 134/134 MP: 26/26
 47074 | Vaults:1 | Found Woadachu's General Store.
 47096 | Vaults:1 | Reached skill level 15 in Shields
 47148 | Vaults:1 | Reached skill level 1 in Spellcasting
 47148 | Vaults:1 | Reached skill level 1 in Charms
 47151 | Vaults:1 | Reached skill level 1 in Air Magic
 47160 | Vaults:1 | Learned a level 3 spell: Regeneration
 47291 | Vaults:1 | Found Bedwit's Distillery.
 47299 | Vaults:1 | Bought a potion of beneficial mutation for 735 gold pieces
 47299 | Vaults:1 | Gained mutation: Your muscles are strong. (Str +2) [potion of beneficial mutation]
 47450 | Vaults:1 | Reached skill level 1 in Necromancy
 48059 | Vaults:2 | Noticed Mennas
 48142 | Vaults:2 | Killed Mennas
 48434 | Vaults:2 | Paralysed by an ogre mage for 7 turns
 48972 | Lair:2   | Learned a level 2 spell: Blink
 48979 | Lair:2   | Learned a level 6 spell: Deflect Missiles
 49530 | Vaults:2 | Noticed Saint Roka
 49548 | Vaults:2 | Killed Saint Roka
 49548 | Vaults:2 | Reached skill level 1 in Translocations
 50531 | Vaults:3 | Reached skill level 5 in Spellcasting
 50534 | Vaults:3 | Reached skill level 5 in Charms
 50649 | Vaults:3 | Reached XP level 21. HP: 112/139 MP: 19/28
 50701 | Vaults:3 | Cast into the Abyss (a lich)
 51112 | Abyss:1  | Reached skill level 5 in Necromancy
 51391 | Vaults:3 | Escaped the Abyss
 51402 | Vaults:3 | Reached skill level 5 in Air Magic
 51647 | Vaults:3 | Found a staircase to the Crypt.
 52501 | Vaults:3 | Found Heveik's Armour Emporium.
 52796 | Vaults:4 | Noticed Jorgrun
 52802 | Vaults:4 | Killed Jorgrun
 53658 | Vaults:4 | Reached XP level 22. HP: 144/144 MP: 34/34
 53806 | Vaults:4 | Found Xank's Book Shop.
 54403 | Depths:1 | Entered Level 1 of the Depths
 54411 | Depths:1 | Noticed Norris
 54412 | Depths:1 | Noticed afx's ghost (powerful TrMo)
 54426 | Depths:1 | Killed afx's ghost
 54429 | Depths:1 | Paralysed by Norris for 4 turns
 54439 | Depths:1 | Killed Norris
 54625 | Depths:1 | Noticed Sojobo
 54679 | Depths:1 | Killed Sojobo
 54878 | Depths:1 | Found a one-way gate to the infinite horrors of the Abyss.
 55475 | Elf:1    | Entered Level 1 of the Elven Halls
 56176 | Elf:1    | Reached skill level 10 in Charms
 56512 | Elf:2    | Found Zecuger's Weapon Emporium.
 56614 | Elf:2    | Found Keogesir's Food Boutique.
 56666 | Elf:2    | Found Efran's Magic Scroll Emporium.
 56714 | Elf:2    | Noticed Roxanne
 56738 | Elf:2    | Killed Roxanne
 56850 | Elf:2    | Found a runed gate.
 56850 | Elf:2    | Found a runed gate.
 56850 | Elf:2    | Found a runed gate.
 56942 | Elf:2    | Found Vaffour's General Store.
 56950 | Elf:2    | Found Maig's Armour Shop.
 57099 | Elf:3    | Entered Level 3 of the Elven Halls
 57407 | Elf:3    | Reached skill level 10 in Spellcasting
 57636 | Elf:3    | Reached XP level 23. HP: 100/149 MP: 37/37
 58530 | Elf:3    | Gained mutation: You are partially covered in molten scales (AC +1). [a cacodemon]
 58535 | Elf:3    | Gained mutation: You tend to lose your temper in combat. [a cacodemon]
 59641 | Elf:3    | Identified Sif Muna's Incunabulum of Quantum Companions (You found it on level 3 of the Elven Halls)
 59685 | Elf:3    | Identified Gefys's Volume of the Compass (You found it on level 3 of the Elven Halls)
 59813 | Elf:3    | Got a polished scale mail
 59815 | Elf:3    | Got a smoking ring mail
 59816 | Elf:3    | Identified the cursed +1 scale mail of the Desert {rPois rC+ MR+ Int-3} (You took it off a deep elf master archer on level 3 of the Elven Halls)
 59817 | Elf:3    | Identified the cursed +1 ring mail of Ylleqi {*Confuse +Inv MR+ Slay+3} (You took it off a deep elf blademaster on level 3 of the Elven Halls)
 60508 | Crypt:1  | Entered Level 1 of the Crypt
 61158 | Lair:2   | Learned a level 8 spell: Necromutation
 61573 | Crypt:1  | Reached skill level 1 in Transmutations
 62066 | Crypt:1  | Reached skill level 10 in Necromancy
 62884 | Crypt:2  | Was placed under penance by Cheibriados
 63277 | Crypt:2  | Was forgiven by Cheibriados
 63431 | Crypt:2  | Reached skill level 5 in Transmutations
 63434 | Crypt:2  | Noticed Boris
 63463 | Crypt:2  | Killed Boris
 63550 | Crypt:2  | Reached XP level 24. HP: 115/156 MP: 37/37
 63783 | Crypt:3  | Entered Level 3 of the Crypt
 64055 | Crypt:3  | Found a staircase to the Tomb.
 64415 | Crypt:3  | Found an ancient bone altar of Kikubaaqudgha.
 64415 | Crypt:3  | Noticed an ancient lich
 64434 | Crypt:3  | Killed an ancient lich
 64662 | Crypt:3  | Got a spiked shield
 64673 | Crypt:3  | Identified the +4 shield "Cipoqac" {Str+5} (You found it on level 3 of the Crypt)
 65156 | Crypt:3  | Identified the Almanac of Fate
 65942 | Slime:1  | Entered Level 1 of the Pits of Slime
 66681 | Slime:4  | Reached skill level 10 in Transmutations
 66850 | Slime:6  | Entered Level 6 of the Pits of Slime
 66948 | Slime:6  | Found a viscous altar of Jiyva.
 66951 | Slime:6  | Noticed the royal jelly
 67025 | Slime:6  | HP: 6/156 [azure jelly[the royal jelly] (16)]
 67397 | Slime:6  | Killed the royal jelly
 67397 | Slime:6  | Reached XP level 25. HP: 85/160 MP: 34/37
 67399 | Slime:6  | HP: 1/160 [acid blob[the royal jelly] (13)]
 67399 | Slime:6  | Splashed by an acid blob's acid

Vault maps used:
D:1:      lemuel_arrival_muddy
D:2:      first_bread
D:3:      uniq_jessica, uniq_crazy_yiuf_cottage, uniq_robin
D:4:      uniq_pikel, uniq_natasha
D:5:      minmay_temple_entry_nine_rooms, uniq_duvessa
D:6:      lemuel_slime, nicolae_ossuary_entry_giza
D:7:      nicolae_overflow_crystal_walls, uniq_menkaure
D:8:      uniq_joseph, uniq_maurice
D:9:      minmay_lair_entry_grove, erik_orc_1
D:10:     hangedman_tree_tricks
D:11:     hangedman_misty_isle
D:12:     nicolae_trove_entry_diagonal, serial_shops, nicolae_shop_crystal,
          fedhas_altar_4
D:13:     hex_large, kennysheep_flooded_box
D:14:     grunt_vaults_entry_tiered, minmay_misc_feat_nine_boxes, basic_altar
D:15:     grunt_enter_depths_snipers, minivault_14, uniq_louise, uniq_agnes
Temple:   grunt_circular_temple_18
Lair:2:   portal_ice_cave_entry_imps, grunt_forest_stairs_basic,
          minmay_lindwurm_lava
Lair:3:   zaba_antful_of_joy, serial_bayou_shore_b
Lair:4:   kennysheep_abandoned_house, minmay_snake_entry_spellcaster,
          lemuel_centaur_altar
Lair:5:   elwin_shoals_entry_rocks, minmay_lair_oklob_bushes, grunt_megastairs_1
Lair:6:   nicolae_lair_grove_arrangements, pond, grunt_megastairs_2,
          lemuel_fruit_tree, serial_bayou_shore_b
Lair:7:   slime_dummy
Lair:8:   wormcave
Shoals:2: serial_shops, shop, uniq_polyphemus
Shoals:3: nicolae_shoals_circle_sea_wall
Shoals:4: shoals_end_hangedman, shoal_ilsuiw
Snake:3:  serial_bayou_shore_b
Snake:4:  snake_pit, nicolae_snake_springs
Slime:4:  nicolae_slime_phagocytosis
Orc:1:    mines2_david
Orc:2:    uniq_maud
Orc:3:    nicolae_orc_pool_cavern
Orc:4:    st_orc_ogre_mass, serial_shops, shop, uniq_rupert
Elf:1:    evilmike_minifort
Elf:2:    serial_shops, nicolae_shop_window_shopping, shop_coins, shop, shop,
          nicolae_shop_competitors_out_of_business, uniq_roxanne
Elf:3:    minmay_elf_hall_spiked
Vaults:1: vaults_room_corners, vaults_dpeg_ring, vaults_room_corners,
          hangedman_vaults_nodes, vaults_room_door_hall,
          nicolae_vaults_little_squares_2, nicolae_vaults_shelves_hall,
          v_alt_pattern_1, vaults_standard_mumra_x, v_alt_pattern_2,
          nicolae_vaults_hallways_thing, serial_shops, nicolae_shop_waterfront,
          nicolae_shop_window_shopping, shop
Vaults:2: v_alt_pattern_5, nicolae_vaults_mini_display_case, v_misc_22,
          hangedman_vaults_corner, vaults_room_semicircle, vaults_room_boxed,
          vaults_room_grunt_arrival_ludios, v_pattern_4, ontoclasm_vaults_tryst,
          nicolae_vaults_little_squares_3, ontoclasm_vaults_pinch,
          uniq_saint_roka, uniq_mennas
Vaults:3: minmay_crypt_entry_simple_statues, nicolae_vaults_circle_grid_b,
          v_misc_16, nicolae_vaults_minivaults, hangedman_vaults_snaps,
          hangedman_vaults_hat, v_misc_8, vaults_dpeg_diagonal,
          nicolae_vaults_windows_and_doors_thing, v_misc_24,
          grunt_vaults_bifocal, v_misc_32, nicolae_vaults_asterisk,
          serial_shops, shop
Vaults:4: st_octagons_1, v_misc_28, v_alt_pattern_2, v_misc_11, v_misc_4,
          vaults_room_pool, v_misc_11, v_misc_18,
          nicolae_vaults_little_squares_2, serial_shops, shop, uniq_jorgrun
Crypt:2:  evilmike_wizard_prison, roderic_lattice_octagonal_star, uniq_boris
Crypt:3:  cryptofortress_bobbens
Depths:1: grunt_decor_one_mirror, pf_vacation_house_of_asmodeus, serial_shops,
          nicolae_shop_behind_doors, abyss_entry, hangedman_decor_push,
          due_unseen_surprise, uniq_norris, uniq_sojobo
Ossuary:  ossuary_zaba_flooded

Action                   |  1- 3 |  4- 6 |  7- 9 | 10-12 | 13-15 | 16-18 | 19-21 | 22-24 | 25-27 || total
-------------------------+-------+-------+-------+-------+-------+-------+-------+-------+-------++-------
Melee: Unarmed           |   211 |   332 |   545 |  1024 |  1496 |  1641 |  1912 |  2666 |     2 ||  9829
 Cast: Repel Missiles    |       |       |       |     1 |     3 |    12 |     2 |     1 |       ||    19
       Regeneration      |       |       |       |       |       |       |    17 |    35 |       ||    52
       Blink             |       |       |       |       |       |       |     1 |     2 |       ||     3
       Deflect Missiles  |       |       |       |       |       |       |       |     7 |       ||     7
Invok: Bend Time         |       |       |       |     5 |     8 |     2 |     3 |     5 |       ||    23
       Slouch            |       |       |       |     8 |    15 |     4 |    21 |    17 |       ||    65
       Temporal Distorti |       |       |       |     1 |     2 |       |       |       |       ||     3
       Step From Time    |       |       |       |       |       |       |     1 |     1 |       ||     2
 Abil: Breathe Fire      |       |     3 |     1 |     4 |     3 |       |       |     1 |       ||    12
       Fly               |       |       |       |       |     1 |       |       |       |       ||     1
Evoke: Wand              |       |       |       |     1 |       |     1 |     4 |     4 |       ||    10
  Use: Potion            |       |     6 |       |     2 |     5 |     1 |    11 |     6 |       ||    31
       Scroll            |       |       |    11 |     7 |     8 |    11 |     6 |    16 |       ||    59
 Stab: Sleeping          |       |       |     1 |     2 |    12 |    10 |     1 |       |       ||    26
       Distracted        |       |       |       |     1 |     6 |     1 |     2 |     2 |       ||    12
       Confused          |       |       |       |       |     1 |       |       |       |       ||     1
       Petrified         |       |       |       |       |       |     6 |       |       |       ||     6
  Eat: Chunk             |     2 |     8 |    28 |    16 |    33 |    22 |    19 |    23 |       ||   151
       Bread ration      |       |       |       |       |       |       |     2 |     2 |       ||     4
       Pizza             |       |       |       |       |       |       |       |     5 |       ||     5
       Beef jerky        |       |       |       |       |       |       |       |     2 |       ||     2
